 Dungeon Sprint DCSS version 0.21-a0-442-g848f44b (webtiles) character file.

844 Kidiri the Skirmisher (level 7, -3/67 HPs)
             Began as a Green Draconian Transmuter on Nov 16, 2017.
             Was a High Priest of Sif Muna.
             Killed from afar by Harold (15 damage)
             ... with a bolt of fire
             ... in the Dungeon (Sprint VII: "The Pits").
             The game lasted 00:05:29 (1015 turns).

Kidiri the Skirmisher (Green Draconian Transmuter)  Turns: 1015, Time: 00:05:30

Health: -3/67      AC:  6    Str: 13    XL:     7   Next: 68%
Magic:  6/14       EV: 16    Int: 13    God:    Sif Muna [*****.]
Gold:   0          SH:  0    Dex: 13    Spells: 1/16 levels left

rFire    . . .     SeeInvis .     - Unarmed
rCold    . . .     Gourm    .   (shield currently unavailable)
rNeg     . . .     Faith    .   (armour unavailable)
rPois    +         Spirit   .   (helmet restricted)
rElec    .         Reflect  .   (no cloak)
rCorr    .         Harm     .   (gloves currently unavailable)
MR       .....     NoTele   +   (no boots)
Stlth    +++.......             (no amulet)
HPRegen  0.21/turn              (no ring)
MPRegen  0.14/turn              (no ring)

@: short of breath, blade hands
A: breathe noxious fumes, unfitting armour, poison resistance, cold-blooded, AC
+6
a: Breathe Noxious Fumes, End Transformation, Divine Energy, Channel Magic,
Forget Spell, Renounce Religion


You were in the Dungeon.
You worshipped Sif Muna.
Sif Muna was extremely pleased with you.
You were very hungry.
You had blades for hands.
You visited 1 branch

Inventory:

Missiles
 a - 10 arrows
 e - 3 tomahawks (quivered)
Scrolls
 i - a scroll of blinking
 k - 3 scrolls of remove curse
 l - 5 scrolls of amnesia
 m - a scroll of summoning
Potions
 d - 4 potions of curing
 f - a potion of haste
 g - 3 potions of magic
 h - 3 potions of berserk rage
 j - 2 potions of invisibility
Comestibles
 c - 8 bread rations
 n - 40 fruits
 o - 7 meat rations
 p - 12 chunks of flesh


   Skills:
 * Level 7.9 Fighting
 * Level 6.8 Dodging
 + Level 4.9 Stealth
 * Level 7.7 Unarmed Combat
 + Level 5.1 Spellcasting
 * Level 7.4 Transmutations
 + Level 3.5 Ice Magic
 + Level 4.5 Poison Magic


You had one spell level left.
You knew the following spells:

 Your Spells              Type           Power        Failure   Level  Hunger
a - Beastly Appendage     Tmut           ###...       14%         1    None
b - Sticks to Snakes      Tmut           ###.....     17%         2    ##.....
c - Spider Form           Tmut/Pois      ###.......   32%         3    ###....
d - Ice Form              Ice/Tmut       ###.....     61%         4    ####...
e - Blade Hands           Tmut           ###.......   67%         5    ######.


Dungeon Overview and Level Annotations

Branches:
Dungeon (1/1)

Altars:
Ashenzari
Cheibriados
Dithmenos
Elyvilon
Fedhas
Gozag
Hepliaklqana
Kikubaaqudgha
Makhleb
Nemelex Xobeh
Okawaru
Qazlal
Ru
Sif Muna
Trog
Uskayaw
Vehumet
Wu Jian
Xom
Yredelemnul
Zin
The Shining One
Beogh
Jiyva
Lugonu

Annotations:
D Harold


Innate Abilities, Weirdness & Mutations

You can breathe blasts of noxious fumes.
Your lurid green scales are hard. (AC +6)
You cannot fit into any form of body armour.
Your system is resistant to poisons. (rPois)
You are cold-blooded and may be slowed by cold attacks.


Message History

The gnoll hits you but does no damage.
Unknown command.
Casting: Blade Hands
Confirm with . or Enter, or press ? or * to list all spells.
Your hands turn into razor-sharp scythe blades.
You are feeling very hungry.
The gnoll hits you from afar with a spear!
* * * LOW HITPOINT WARNING * * *
Harold hits you with a scimitar of slicing!
* * * LOW HITPOINT WARNING * * *
x2 You feel better.
The gnoll barely misses you.
Harold hits you with a scimitar of slicing!
* * * LOW HITPOINT WARNING * * *
x2 Unknown command.
You feel better.
The gnoll hits you from afar with a spear.
* * * LOW HITPOINT WARNING * * *
Harold casts a spell at you. The bolt of fire hits you!
You die...

#)#..########...<...#
#)#..+.)))[##.......#
#.#..#.)))[##.......#
#'###########.......#
#.......#.:##########
#..###..#.######
#.......#.#....#
##.###.##+#g[..#
#.......#@@)...+
#..###..#+#)...#
#.......+.#....#
################


You could see Harold and a gnoll.

Vanquished Creatures
  A warg (D)
  A floating eye (D)
  An eye of draining (D)
  A phantom (D)
  A bullfrog (D)
  A gnoll sergeant (D)
  A jelly (D)
  3 orc priests (D)
  A gnoll shaman (D)
  An orc wizard (D)
  A worker ant (D)
  9 gnolls (D)
  A leopard gecko (D)
  8 orcs (D)
  A ball python (D)
  A bat (D)
  A bat zombie (D)
  A giant cockroach (D)
  A goblin (D)
  A kobold (D)
37 creatures vanquished.

Vanquished Creatures (collateral kills)
  An orc priest (D)
1 creature vanquished.

Grand Total: 38 creatures vanquished

Notes
Turn   | Place    | Note
-------+----------+-------------------------------------------
     0 | D        | Kidiri the Draconian Transmuter began the quest for the Orb.
     0 | D        | Reached XP level 1. HP: 16/16 MP: 3/3
    53 | D        | Found a bloodstained altar of Trog.
    53 | D        | Found a deep blue altar of Sif Muna.
    53 | D        | Found a viscous altar of Jiyva.
    53 | D        | Found a hazy altar of Hepliaklqana.
    53 | D        | Found an opulent altar of Gozag.
    54 | D        | Found a glowing golden altar of the Shining One.
    54 | D        | Found a glowing silver altar of Zin.
    54 | D        | Found a basalt altar of Yredelemnul.
    54 | D        | Found a shimmering altar of Xom.
    54 | D        | Found an ornate altar of the Wu Jian Council.
    54 | D        | Found a sacrificial altar of Ru.
    54 | D        | Found a stormy altar of Qazlal.
    54 | D        | Found an iron altar of Okawaru.
    54 | D        | Found a sparkling altar of Nemelex Xobeh.
    54 | D        | Found a burning altar of Makhleb.
    54 | D        | Found a blossoming altar of Fedhas.
    54 | D        | Found a white marble altar of Elyvilon.
    54 | D        | Found a shadowy altar of Dithmenos.
    54 | D        | Found a snail-covered altar of Cheibriados.
    56 | D        | Found a radiant altar of Vehumet.
    56 | D        | Found a corrupted altar of Lugonu.
    56 | D        | Found a roughly hewn altar of Beogh.
    57 | D        | Found a hide-covered altar of Uskayaw.
    57 | D        | Found an ancient bone altar of Kikubaaqudgha.
    57 | D        | Found a shattered altar of Ashenzari.
    61 | D        | Became a worshipper of Sif Muna the Loreminder
   251 | D        | Noticed a floating eye
   252 | D        | Paralysed by a floating eye for 4 turns
   257 | D        | Killed a floating eye
   257 | D        | Reached * piety under Sif Muna
   257 | D        | Reached skill level 5 in Unarmed Combat
   257 | D        | Reached XP level 2. HP: 28/28 MP: 3/6
   257 | D        | Reached XP level 3. HP: 34/34 MP: 3/7
   257 | D        | Reached XP level 4. HP: 41/41 MP: 3/8
   301 | D        | Learned a level 2 spell: Sticks to Snakes
   305 | D        | Learned a level 3 spell: Spider Form
   320 | D        | Reached XP level 5. HP: 47/47 MP: 6/10
   341 | D        | Learned a level 4 spell: Ice Form
   379 | D        | Noticed a phantom
   388 | D        | Reached ** piety under Sif Muna
   388 | D        | Reached skill level 5 in Fighting
   388 | D        | Reached skill level 1 in Poison Magic
   390 | D        | Reached skill level 5 in Transmutations
   405 | D        | Reached skill level 5 in Dodging
   405 | D        | Reached skill level 1 in Ice Magic
   443 | D        | Reached *** piety under Sif Muna
   443 | D        | Reached XP level 6. HP: 41/57 MP: 1/12
   459 | D        | HP: 2/68 [orc/trident (7)]
   840 | D        | Noticed a warg
   848 | D        | Killed a warg
   848 | D        | Reached **** piety under Sif Muna
   848 | D        | Your scales start taking on a lurid green colour.
   848 | D        | Reached XP level 7. HP: 62/66 MP: 9/14
   848 | D        | Gained mutation: Your system is resistant to poisons. (rPois) [Green Draconian growth]
   906 | D        | Learned a level 5 spell: Blade Hands
   991 | D        | Noticed Harold
   997 | D        | Reached skill level 5 in Spellcasting
  1006 | D        | Reached ***** piety under Sif Muna
  1014 | D        | HP: 3/67 [Harold/scimitar of slicing (1)]
  1015 | D        | Killed from afar by Harold

Vault maps used:
D:        pitsprint

Skill      XL: |  1  2  3  4  5  6  7 |
---------------+----------------------+-----
Dodging        | 4 5 6 |  6.8
Fighting       | 4 6 7 |  7.9
Stealth        | 2 3 4 |  4.9
Unarmed Combat | 5 6 7 |  7.7
Spellcasting   | 3 4 5 |  5.1
Transmutations | 4 6 7 |  7.4
Poison Magic   | 2 3 4 |  4.5
Ice Magic      | 2 3 |  3.5

Action                   |  1- 3 |  4- 6 |  7- 9 || total
-------------------------+-------+-------+-------++-------
Melee: Unarmed           |    23 |    79 |    24 ||   126
       Tailslap          |     6 |       |       ||     6
       Punch             |     1 |       |     1 ||     2
 Cast: Beastly Appendage |     2 |       |       ||     2
       Spider Form       |       |     3 |     1 ||     4
       Sticks to Snakes  |       |     2 |       ||     2
       Ice Form          |       |     4 |       ||     4
       Blade Hands       |       |       |     2 ||     2
 Abil: Breathe Noxious F |       |       |     2 ||     2
  Use: Potion            |       |     7 |     2 ||     9
 Stab: Sleeping          |       |     1 |     1 ||     2
       Confused          |       |       |     2 ||     2
  Eat: Chunk             |       |     1 |     1 ||     2
Armor: Skin              |     4 |     3 |     5 ||    12
Dodge: Dodged            |    22 |    77 |    26 ||   125

Table legend:
 A = Spawn XP
 B = Non-spawn XP
 C = Spawn XP percentage of total XP
 D = Spawn monster count
 E = Non-spawn monster count
 F = Spawn count percentage of total count
 G = Total turns spent on level
                    A         B        C        D         E        F      G
               +---------+---------+-------+---------+---------+-------+---------
         Total |       0 |    1207 |   0.0 |       0 |      38 |   0.0 |  1015
               +---------+---------+-------+---------+---------+-------+---------
             D |       0 |    1207 |   0.0 |       0 |      38 |   0.0 |  1015
               +---------+---------+-------+---------+---------+-------+---------
